 Dungeon Crawl Stone Soup version 0.30.0-18-gc0e69614cb (webtiles) character file.

Game seed: 8596197757485064381

1802 sampeng1 the Chopper (level 9, -21/71 HPs)
             Began as a Human Berserker on May 24, 2023.
             Was a Priest of Trog.
             Demolished by Duvessa
             ... wielding a +5 short sword of venom
              (41 damage)
             ... on level 6 of the Dungeon on May 25, 2023.
             The game lasted 00:24:55 (4419 turns).

sampeng1 the Chopper (Human Berserker)              Turns: 4419, Time: 00:24:56

Health: -21/71     AC: 17    Str: 23    XL:     9   Next: 30%
Magic:  9/9        EV:  2    Int:  7    God:    Trog [***...]
Gold:   285        SH:  0    Dex: 12    Spells: 8/8 levels left

rFire   . . .        c - +3 war axe (protect)
rCold   + + .        b - +0 tower shield
rNeg    . . .        k - +0 scale mail
rPois   .            (no helmet)
rElec   .            F - scarf {rC+ rF+}
rCorr   .            n - +0 pair of gloves
SInv    .            o - +0 pair of boots
Will    .....        (no amulet) Stlth
                     h - +5 ring of evasion
HPRegen 0.31/turn    l - ring of ice
MPRegen 0.11/turn

%: no passive effects
@: lethally poisoned (-21 -> -51), sleeping, under a protective aura
A: no striking features
a: Renounce Religion, Berserk, Trog's Hand


You were on level 6 of the Dungeon.
You worshipped Trog.
Trog was most pleased with you.
You visited 1 branch of the dungeon, and saw 6 of its levels.

You collected 285 gold pieces.

Inventory:

Hand Weapons
 c - a +3 war axe of protection (weapon)
Missiles
 g - 3 boomerangs of dispersal
 i - 17 poisoned darts
 s - 2 throwing nets (quivered)
Armour
 b - a +0 tower shield (worn)
 j - a +0 cloak
 k - a +0 scale mail (worn)
 n - a +0 pair of gloves (worn)
 o - a +0 pair of boots (worn)
 F - a scarf of resistance (worn)
Jewellery
 h - a +5 ring of evasion (left hand)
 l - a ring of ice (right hand)
 r - an amulet of guardian spirit
 A - a ring of magical power
Wands
 d - a wand of paralysis (13)
Scrolls
 a - 2 scrolls of fear
 e - a scroll of vulnerability
 f - 3 scrolls of poison
 p - a scroll of fog
 v - a scroll of identify
 x - a scroll of summoning
 C - a scroll of brand weapon
Potions
 m - 2 potions of degeneration
 q - a potion of attraction
 t - a potion of resistance
 u - 2 potions of haste {unknown}
 w - 2 potions of curing
 z - a potion of flight


   Skills:
 + Level 6.4 Fighting
 + Level 6.4 Axes
 + Level 6.0 Armour
 + Level 6.0 Dodging


You had 8 spell levels left.
You didn't know any spells.
Your spell library was empty.

Dungeon Overview and Level Annotations

Branches:
Dungeon (6/15)             Temple (0/1) D:5

Altars:
Dithmenos
Fedhas

Shops:
D:5 :

Annotations:
D:6 Duvessa


Message History

Duvessa hits you with a +5 short sword of venom.
You are more poisoned.
You block the black bear's attack. x3; The water moccasin bites you!
You are more poisoned.
The water moccasin poisons you!
The black bear goes berserk!
Duvessa hits you with a +5 short sword of venom.
You are more poisoned.
The sleepcap misses you.
You barely miss the water moccasin.
The water moccasin is almost dead.
You hit the sleepcap but do no damage.
You hit the black bear but do no damage.
You hit Duvessa but do no damage.
You feel extremely sick. The water moccasin closely misses you.
An adder comes into view.
The black bear barely misses you.
The black bear claws you but does no damage.
You block the black bear's attack.
The water moccasin bites you but does no damage.
You block the sleepcap's attack.
Duvessa hits you with a +5 short sword of venom.
You are lethally poisoned!
The black bear barely misses you.
The black bear claws you but does no damage. x2
The adder hisses angrily.
You hit Duvessa.
Duvessa is heavily wounded.
You slash the sleepcap! You miss the water moccasin.
You barely miss the black bear.
You feel extremely sick. You block the water moccasin's attack.
The black bear closely misses you.
The black bear claws you but does no damage.
You block the black bear's attack. The sleepcap releases spores at you.
* * * LOW HITPOINT WARNING * * *
You are engulfed in a cloud of soporific spores!
You fall asleep.
Duvessa hits you with a +5 short sword of venom!!!
Ouch! That really hurt!
You die...

#.......... #.$.......# .#
#.........# .# #...!.[...# .#
#.........###.# #
#.........##..# .#
#.....fSe.##.# .#
#.$....@S.#..##..###
.......h............
...............####
##....>..#..####
##############.#.##..####
..........###..#..#.....####.
#..######....<...............
##.....#####.####.#..#######.
..............###...##


You could see Duvessa, a water moccasin, a black bear (berserk), a sleepcap and
an adder.

Vanquished Creatures
  Prince Ribbit (D:5)
  4 yaks (D:5)
  Menkaure (D:6)
  A sky beast (D:4)
  An ogre (D:5)
  A centaur (D:5)
  A scorpion (D:5)
  A bullfrog (D:4)
  2 hounds
  A gnoll bouda (D:5)
  An orc priest (D:5)
  A sleepcap (D:5)
  2 iguanas (D:6)
  An orc wizard (D:5)
  8 gnolls
  12 adders
  A white imp (D:5)
  An ufetubus (D:5)
  2 worms
  18 orcs
  6 endoplasms
  6 giant cockroaches
  13 hobgoblins
  2 kobolds
  8 quokkas
  4 ball pythons
  4 bats
  8 frilled lizards
  10 goblins
  6 rats
128 creatures vanquished.

Notes
Turn   | Place    | Note
-------+----------+-------------------------------------------
     0 | D:1      | sampeng1 the Human Berserker began the quest for the Orb.
     0 | D:1      | Reached XP level 1. HP: 18/18 MP: 1/1
    33 | D:1      | Reached XP level 2. HP: 9/24 MP: 2/2
   360 | D:1      | Reached XP level 3. HP: 28/29 MP: 3/3
   614 | D:2      | Reached XP level 4. HP: 35/35 MP: 4/4
   710 | D:2      | Reached ** piety under Trog
   797 | D:2      | Identified the +7 dagger of the Lumpy Hells {freeze, Dex+6}
   815 | D:2      | Reached XP level 5. HP: 41/42 MP: 5/5
  1134 | D:3      | Found a faded altar of an unknown god.
  1135 | D:3      | Noticed a golden eye
  1137 | D:3      | Noticed an eye of devastation
  1137 | D:3      | Noticed a great orb of eyes
  1137 | D:3      | Noticed a floating eye
  1790 | D:4      | Noticed a sky beast
  1800 | D:4      | Killed a sky beast
  1801 | D:4      | Reached XP level 6. HP: 36/48 MP: 6/6
  1853 | D:4      | Reached *** piety under Trog
  1899 | D:4      | Found a blossoming altar of Fedhas.
  2675 | D:4      | Found a shadowy altar of Dithmenos.
  2801 | D:5      | Entered Level 5 of the Dungeon
  2801 | D:5      | Noticed an ogre
  2809 | D:5      | Killed an ogre
  2810 | D:5      | Reached XP level 7. HP: 19/55 MP: 7/7
  2990 | D:5      | HP: 2/55 [gnoll/+0 halberd[a gnoll bouda] (5)]
  3099 | D:5      | Found a staircase to the Ecumenical Temple.
  3237 | D:5      | Noticed a yak
  3237 | D:5      | Noticed a yak
  3238 | D:5      | Noticed a yak
  3240 | D:5      | Noticed a yak
  3258 | D:5      | Killed a yak
  3259 | D:5      | Reached skill level 5 in Fighting
  3259 | D:5      | Reached skill level 5 in Axes
  3259 | D:5      | Reached XP level 8. HP: 24/62 MP: 8/8
  3267 | D:5      | Killed a yak
  3271 | D:5      | Killed a yak
  3272 | D:5      | Reached skill level 5 in Armour
  3272 | D:5      | Reached skill level 5 in Dodging
  3273 | D:5      | Killed a yak
  3285 | D:5      | Found Yqidual's Self-Improvement Boutique.
  3517 | D:5      | Noticed Prince Ribbit
  3569 | D:5      | Killed Prince Ribbit
  3570 | D:5      | Reached XP level 9. HP: 69/69 MP: 9/9
  4111 | D:6      | Noticed Menkaure
  4117 | D:6      | Killed Menkaure
  4410 | D:6      | Noticed Duvessa
  4419 | D:6      | Demolished by Duvessa

Illustrated notes

Levels and vault maps discovered:
D:1:      reono_arrival_forest_river, layout_rooms, serial_bayou_pond_d
D:2:      layout_rooms, hangedman_abyss_or_decor_lesser_grid, kennysheep_path_1
D:3:      layout_loops_ring, hellmonk_ecumenical_altar_watching_god,
          minmay_fractal_squares_gapless_5
D:4:      cheibrodos_quashed, layout_basic, mainiacjoe_overflow_swirl,
          minmay_misc_feat_chi, grunt_ministairs_13
D:5:      layout_loops_cross, temple_pool_b, nicolae_shop_self_help,
          uniq_prince_ribbit1
D:6:      layout_rooms, uniq_blork_the_orc, uniq_duvessa, uniq_menkaure

Skill      XL: |  1  2  3  4  5  6  7  8  9 |
---------------+----------------------------+-----
Armour         | 3 4 5 6 |  6.0
Dodging        | 3 4 5 6 |  6.0
Fighting       | 4 5 6 |  6.4
Axes           | 4 5 6 |  6.4

Action                     |  1- 3 |  4- 6 |  7- 9 || total
---------------------------+-------+-------+-------++-------
  Melee: War axe           |    52 |   115 |   156 ||   323
         Hand axe          |     2 |       |       ||     2
         Punch             |       |     1 |       ||     1
 Invoke: Berserk           |       |       |     2 ||     2
         Trog's Hand       |       |       |     2 ||     2
    Use: Scroll            |     3 |    12 |     3 ||    18
         Potion            |       |       |     3 ||     3
 Armour: Animal skin       |     2 |       |       ||     2
         Leather armour    |     2 |       |       ||     2
         Scale mail        |     8 |    48 |    77 ||   133
  Dodge: Dodged            |    63 |    95 |   130 ||   288
  Block: Tower shield      |       |    65 |   113 ||   178
